 Dungeon Crawl Stone Soup version 0.22-a0-469-gf26638a71f (webtiles) character file.

5834 CakeIsGreat the Protected (level 10, 0/65 HPs)
             Began as a Gargoyle Fighter on June 10, 2018.
             Was an Elder of Okawaru.
             Slain by a two-headed ogre
             ... wielding a +0 giant spiked club
              (12 damage)
             ... on level 9 of the Dungeon on June 11, 2018.
             The game lasted 00:18:10 (9447 turns).

CakeIsGreat the Protected (Gargoyle Fighter)        Turns: 9447, Time: 00:18:11

Health: 0/65       AC: 23    Str: 22    XL:     10   Next: 80%
Magic:  11/11      EV:  8    Int: 14    God:    Okawaru [****..]
Gold:   478        SH: 12    Dex:  9    Spells: 9/9 levels left

rFire    . . .     SeeInvis .   B - +2 whip (freeze)
rCold    . . .     Gourm    .   c - +1 shield
rNeg     + . .     Faith    .   I - +0 plate armour
rPois    ∞         Spirit   .   (no helmet)
rElec    +         Reflect  .   p - scarf {repulsion}
rCorr    .         Harm     .   (no gloves)
MR       .....                  (no boots)
Stlth    ..........             (no amulet)
HPRegen  0.20/turn              s - +3 ring of evasion
MPRegen  0.12/turn              C - +4 ring of intelligence

@: repel missiles
A: yellow scales 1, blurry vision 1, low mp 1, negative energy resistance 1,
electricity resistance, unbreathing, petrification resistance, rot immunity, AC
+7
a: Heroism, Renounce Religion


You were on level 9 of the Dungeon.
You worshipped Okawaru.
Okawaru was greatly pleased with you.
You were not hungry.

You visited 2 branches of the dungeon, and saw 10 of its levels.

You collected 478 gold pieces.

Inventory:

Hand Weapons
 a - a +0 flail
 r - a +0 mace
 z - a +1 dire flail of freezing
 B - a +2 whip of freezing (weapon)
 D - a +0 mace of protection
 H - a +2 flail of draining
Missiles
 l - 335 stones
 q - 9 tomahawks (quivered)
 E - 4 needles of sleeping
Armour
 c - a +1 shield (worn)
 m - a scarf of repulsion
 p - a scarf of repulsion (worn)
 I - a +0 plate armour (worn)
Jewellery
 s - a +3 ring of evasion (left hand)
 u - an uncursed ring of magical power
 C - a +4 ring of intelligence (right hand)
Wands
 t - a wand of random effects (1)
 v - a wand of clouds (7)
 w - a wand of iceblast (10)
 y - a wand of flame (19)
Scrolls
 e - 6 scrolls of identify
 h - a scroll of fog
 j - 3 scrolls of enchant armour
 n - 2 scrolls of teleportation
 o - 2 scrolls of immolation
 x - a scroll of blinking
Potions
 d - a potion of might
 g - a potion of magic
 i - 8 potions of curing
 k - 3 potions of heal wounds
 A - a potion of flight
 F - a potion of berserk rage
Comestibles
 b - 8 chunks of flesh
 f - 17 rations


   Skills:
 * Level 8.6 Fighting
 * Level 7.5 Maces & Flails
 + Level 4.3 Throwing
 * Level 8.6 Armour
 * Level 8.5 Shields
 + Level 0.4 Invocations
 + Level 3.7 Evocations


You had 9 spell levels left.
You didn't know any spells.
Your spell library was empty.

Dungeon Overview and Level Annotations

Branches:
Dungeon (9/15)             Temple (1/1) D:5
   Lair: D:8-11         Orc: D:9-12

Altars:
Ashenzari
Cheibriados
Dithmenos
Elyvilon
Fedhas
Gozag
Hepliaklqana
Kikubaaqudgha
Nemelex Xobeh
Okawaru
Qazlal
Ru
Sif Muna
Trog
Uskayaw
Vehumet
Wu Jian
Xom
Yredelemnul
Zin
The Shining One

Shops:
D:7 [


Innate Abilities, Weirdness & Mutations

You are resistant to torment.
Your stone body is resilient. (AC +7)
You are immune to poison.
You resist negative energy. (rN+)
You are resistant to electric shocks. (rElec)
You can survive without breathing.
You are immune to petrification.
You are immune to rotting.
You are partially covered in yellow scales. (AC +2)
Scrolls take you a little longer to read.
Your magical capacity is low. (-10% MP)


Message History

You hit the two-headed ogre. You freeze the two-headed ogre.
The two-headed ogre is heavily wounded.
A leopard gecko comes into view.
The leopard gecko hisses angrily.
You hit the two-headed ogre but do no damage.
The two-headed ogre is heavily wounded.
The two-headed ogre hits you with a giant spiked club.
The two-headed ogre barely misses you.
You whack the two-headed ogre! You freeze the two-headed ogre.
The two-headed ogre is severely wounded.
You block the two-headed ogre's attack.
The two-headed ogre hits you with a giant spiked club!
* * * LOW HITPOINT WARNING * * *
You hit the two-headed ogre. You freeze the two-headed ogre.
The two-headed ogre is almost dead.
You hit the two-headed ogre. You freeze the two-headed ogre.
The two-headed ogre is almost dead.
You block the two-headed ogre's attack.
The two-headed ogre hits you with a giant spiked club!
You die...

...########........#
..........#........#
...((.....#........#
..........##.......#
...(.......#.......#####
..(...###'##.l..........
......#.................
.(....#.................
......#........#@#######
)÷)...##.......#.O.....#
.......#.......#.......#
########.......#%..(...#
...............####+####
................ .......
#####.. .


You could see a two-headed ogre and a leopard gecko.

Vanquished Creatures
  A two-headed ogre (D:8)
  Pikel (D:6)
  A slime creature (D:8)
  Grinder (D:3)
  The ghost of
  123456 the Magician, an amateur DEFE (D:5)
  3 yaks (D:9)
  3 orc warriors
  2 sky beasts (D:7)
  A slave (D:6)
  An ice beast (D:9)
  A phantom (D:4)
  A necrophage (D:5)
  4 ogres
  4 centaurs
  3 bullfrogs
  A water moccasin zombie (D:7)
  2 scorpions
  5 wights (D:7)
  2 howler monkeys (D:9)
  4 crimson imps
  A bullfrog zombie (D:7)
  4 hounds
  An orc priest (D:8)
  A bullfrog skeleton (D:5)
  6 jellies (D:8)
  3 centaur skeletons
  3 iguanas
  11 orc wizards
  Natasha (thrice) (D:3)
  5 worker ants
  A killer bee zombie (D:7)
  2 hound skeletons
  A worker ant zombie (D:8)
  7 gnolls
  9 adders
  A shadow imp (D:6)
  A white imp (D:6)
  2 oozes (D:8)
  2 adder zombies
  3 worms
  3 dart slugs
  5 leopard geckos
  30 orcs
  3 giant cockroaches
  9 hobgoblins
  7 jackals
  14 kobolds
  4 quokkas
  A ball python (D:3)
  4 bats (D:1)
  7 frilled lizards
  7 goblins
  2 goblin zombies (D:6)
  4 hobgoblin zombies (D:6)
  A jackal skeleton (D:5)
  An orc zombie (D:6)
  A quokka skeleton (D:4)
  9 rats
221 creatures vanquished.

Vanquished Creatures (others)
  An orc wizard (D:7)
  An orc zombie (D:6)
  2 fungi (D:8)
  10 toadstools (D:8)
14 creatures vanquished.

Grand Total: 235 creatures vanquished

Notes
Turn   | Place    | Note
-------+----------+-------------------------------------------
     0 | D:1      | CakeIsGreat the Gargoyle Fighter began the quest for the Orb.
     0 | D:1      | Reached XP level 1. HP: 14/14 MP: 1/1
    79 | D:1      | Reached XP level 2. HP: 18/19 MP: 2/2
   653 | D:1      | Upgraded the game from 0.22-a0-467-g5c5de1cb09 to 0.22-a0-469-gf26638a71f
   666 | D:1      | Reached XP level 3. HP: 20/23 MP: 3/3
  1096 | D:2      | Reached XP level 4. HP: 24/29 MP: 4/4
  1518 | D:2      | Found a stormy altar of Qazlal.
  1853 | D:3      | Found a bloodstained altar of Trog.
  2181 | D:3      | Noticed Grinder
  2209 | D:3      | Killed Grinder
  2209 | D:3      | Reached skill level 1 in Throwing
  2209 | D:3      | Reached XP level 5. HP: 26/34 MP: 5/5
  2209 | D:3      | Reached XP level 6. HP: 30/39 MP: 6/6
  2417 | D:3      | Noticed Natasha
  2424 | D:3      | Killed Natasha
  2792 | D:3      | Found a shadowy altar of Dithmenos.
  2792 | D:3      | Noticed Natasha
  2801 | D:3      | Killed Natasha
  2969 | D:3      | Noticed Natasha
  2976 | D:3      | Killed Natasha
  2976 | D:3      | Reached XP level 7. HP: 36/44 MP: 7/7
  3153 | D:4      | Reached skill level 5 in Armour
  3153 | D:4      | Reached skill level 5 in Shields
  3200 | D:4      | Reached skill level 5 in Fighting
  3608 | D:4      | Found an opulent altar of Gozag.
  3665 | D:4      | Found a shimmering altar of Xom.
  3831 | D:4      | Found a deep blue altar of Sif Muna.
  4174 | D:4      | Reached skill level 1 in Evocations
  4174 | D:4      | Reached XP level 8. HP: 49/50 MP: 8/8
  4301 | D:5      | Entered Level 5 of the Dungeon
  4339 | D:5      | Noticed 123456's ghost (amateur DEFE)
  4360 | D:5      | Killed 123456's ghost
  4525 | D:5      | Found a radiant altar of Vehumet.
  4612 | D:5      | Found a staircase to the Ecumenical Temple.
  4789 | Temple   | Entered the Ecumenical Temple
  4856 | Temple   | Became a worshipper of Warmaster Okawaru
  4971 | D:5      | Reached skill level 5 in Maces & Flails
  5270 | D:5      | Found an ancient bone altar of Kikubaaqudgha.
  5322 | D:5      | Found a snail-covered altar of Cheibriados.
  5349 | D:5      | Found a shattered altar of Ashenzari.
  5657 | D:6      | Found a glowing golden altar of the Shining One.
  5672 | D:6      | Noticed Pikel
  5740 | D:6      | Killed Pikel
  5740 | D:6      | Reached * piety under Okawaru
  5740 | D:6      | Reached XP level 9. HP: 37/56 MP: 10/10
  6404 | D:7      | Gained mutation: Your magical capacity is low. (-10% MP) [potion of mutation]
  6404 | D:7      | Gained mutation: Scrolls take you a little longer to read. [potion of mutation]
  6404 | D:7      | Gained mutation: You are partially covered in yellow scales. (AC +2) [potion of mutation]
  6448 | D:7      | Found a sacrificial altar of Ru.
  6559 | D:7      | Found Doanu's Antique Armour Shoppe.
  7005 | D:7      | Reached ** piety under Okawaru
  7852 | D:8      | Noticed a two-headed ogre
  7881 | D:8      | Killed a two-headed ogre
  7881 | D:8      | Reached *** piety under Okawaru
  7881 | D:8      | Reached XP level 10. HP: 63/64 MP: 11/11
  9140 | D:9      | Reached **** piety under Okawaru
  9287 | D:9      | Received a gift from Okawaru
  9435 | D:9      | Noticed a two-headed ogre
  9447 | D:9      | Slain by a two-headed ogre

Vault maps used:
D:1:      dpeg_arrival_water_temple_mockup, minmay_hexomino_p4
D:2:      lemuel_coloured_pillars_altar
D:3:      minmay_door_path, overflow_temple_1_default, grunt_dithmenos_smoke,
          uniq_natasha, uniq_grinder
D:4:      kennysheep_mini_moat, led_xom_imps, led_sif_book, first_ration
D:5:      kennysheep_mini, vehumet_altar_wand_db, kiku_gazebo_garden_becter,
          minmay_temple_entry_trees, minmay_strange_pillars, lemuel_statue_altar
D:6:      nicolae_tso_besieged_by_evil, uniq_pikel
D:7:      hangedman_ru_absence, serial_curves, eino_curves_03, eino_curves_01,
          serial_shops, nicolae_shop_crystal
D:8:      cheibrodos_fertilizer
D:9:      makhleb_altar_promises_db
Temple:   cyrus_temple_forest

Skill      XL: |  1  2  3  4  5  6  7  8  9 10 |
---------------+-------------------------------+-----
Armour         | 4 5 6 7 8 |  8.6
Shields        | 4 5 6 7 8 |  8.5
Fighting       | 4 5 6 7 8 |  8.6
Maces & Flails | 3 4 5 6 7 |  7.5
Throwing       | 1 2 3 4 |  4.3
Evocations     | 1 2 3 |  3.7
Invocations    | |  0.4

Action                   |  1- 3 |  4- 6 |  7- 9 | 10-12 || total
-------------------------+-------+-------+-------+-------++-------
Melee: Flail             |   124 |   143 |       |    93 ||   360
       Mace              |       |    11 |   404 |       ||   415
       Whip              |       |       |   334 |   193 ||   527
Throw: Stone             |       |    40 |     4 |       ||    44
       Tomahawk          |       |       |       |    11 ||    11
Evoke: Wand              |       |       |    16 |       ||    16
  Use: Scroll            |     4 |       |     8 |     8 ||    20
       Potion            |     3 |       |     4 |       ||     7
  Eat: Chunk             |     1 |     6 |    14 |     5 ||    26
       Ration            |       |       |     1 |       ||     1
Armor: Scale mail        |    88 |    49 |   281 |    19 ||   437
       Skin              |    25 |    11 |       |       ||    36
       Plate armour      |       |       |       |   107 ||   107
Dodge: Dodged            |    43 |    26 |   147 |    69 ||   285
       Deflected         |       |     2 |     8 |     3 ||    13
Block: Shield            |    79 |    81 |   304 |   182 ||   646

Table legend:
 A = Spawn XP
 B = Non-spawn XP
 C = Spawn XP percentage of total XP
 D = Spawn monster count
 E = Non-spawn monster count
 F = Spawn count percentage of total count
 G = Total turns spent on level
                    A         B        C        D         E        F      G
               +---------+---------+-------+---------+---------+-------+---------
         Total |       0 |    8335 |   0.0 |       0 |     221 |   0.0 |  9447
               +---------+---------+-------+---------+---------+-------+---------
           D:1 |       0 |      48 |   0.0 |       0 |      30 |   0.0 |  1055
           D:2 |       0 |      77 |   0.0 |       0 |      12 |   0.0 |   734
           D:3 |       0 |     499 |   0.0 |       0 |      28 |   0.0 |  1255
           D:4 |       0 |     607 |   0.0 |       0 |      16 |   0.0 |  1257
           D:5 |       0 |     714 |   0.0 |       0 |      21 |   0.0 |  1176
           D:6 |       0 |     854 |   0.0 |       0 |      21 |   0.0 |   815
           D:7 |       0 |    1670 |   0.0 |       0 |      33 |   0.0 |  1497
           D:8 |       0 |    2509 |   0.0 |       0 |      44 |   0.0 |  1247
           D:9 |       0 |    1357 |   0.0 |       0 |      16 |   0.0 |   321
               +---------+---------+-------+---------+---------+-------+---------
